Zazza, neutral female human Wizard ----- .....### |...| # |...| ### ------------- |....####### |`.........%| |..<| ### # |.....`.....| ----- # ### |...--.--.%.| ######`..f.|.{.|...| ###|.ZZ|{.{|`..| #..W@|.{.|...| |...-----...| |.....`.....| |`%........`% ------------- Zazza the Conjurer Experience level: 4 Strength: 12 Dexterity: 11 Constitution: 14 Intelligence: 18 Wisdom: 10 Charisma: 11 Health: 0(29) Energy: 25(42) Def: 1 Gold: 0 Moves: 1891 Dungeon seed: bJp4h5q50YeErSwu Game ID: Zazza_1576417182 Your Inventory: Weapons a - a blessed +1 quarterstaff (weapon in hands) r - 2 +0 orcish daggers v - a cursed -1 dagger w - a +0 elven broadsword x - 2 +0 daggers (in quiver) y - a cursed -3 bec de corbin J - 35 cursed +2 darts K - 50 cursed +0 darts L - a cursed +2 elven dagger Armor e - a blessed +0 cloak of magic resistance (being worn) q - an uncursed +0 Hawaiian shirt (being worn) z - a cursed +0 Hawaiian shirt M - a cursed +0 orcish helm N - a cursed +0 orcish helm Y - an uncursed +0 orcish helm Comestibles B - an uncursed sprig of wolfsbane O - a cursed egg P - 4 cursed food rations Q - a cursed lembas wafer R - a cursed sprig of wolfsbane Scrolls i - an uncursed scroll of confuse monster j - a blessed scroll of remove curse k - an uncursed scroll of scare monster s - an uncursed scroll of teleportation F - an uncursed scroll of fire Spellbooks l - a blessed spellbook of force bolt m - an uncursed spellbook of detect unseen Potions f - an uncursed potion of restore ability g - an uncursed potion of see invisible h - an uncursed potion of enlightenment I - a cursed potion of extra healing Rings c - an uncursed +1 ring of gain strength (on left hand) d - an uncursed ring of polymorph o - an uncursed ring of sustain ability H - an uncursed ring of teleport control Wands b - a wand of create monster (0:14) Tools n - a magic marker (0:66) E - an uncursed tin whistle S - an uncursed sack T - a cursed credit card U - a cursed expensive camera (0:99) Contents of the sack: 2022 gold pieces a +0 elven spear a blessed +2 orcish dagger a blessed +1 scimitar an uncursed +0 orcish helm an uncursed scroll of enchant weapon an uncursed scroll of fire an uncursed spellbook of cause fear an uncursed spellbook of slow monster an uncursed potion of booze an uncursed potion of extra healing a cursed potion of gain ability 2 uncursed potions of gain energy an uncursed potion of healing an uncursed potion of invisibility an uncursed potion of paralysis an uncursed potion of sleeping 2 uncursed tallow candles (0:200) 2 uncursed jet stones an uncursed worthless piece of blue glass Spells and supernatural/magical abilities: Name Level Category Fail Memory a - force bolt 1 attack 0% 91% U - detect unseen 3 divination 85% 91% W - pray for help -- divine ? -- Your skills at the end: Fighting Skills Weapon Skills quarterstaff [Basic] Spellcasting Skills attack spells [Basic] enchantment spells [Basic] Final Attributes: You were piously aligned. You were magic-protected. You were telepathic. You are dead. Vanquished creatures: a small mimic an imp a floating eye an orc zombie a dwarf zombie a werejackal an iguana an acid blob 2 hobbits 5 manes 4 giant rats a gecko 2 foxes 4 goblins a sewer rat 7 grid bugs 6 lichens 7 newts 47 creatures vanquished. Voluntary challenges: You used a wielded weapon 20 times, starting on turn 51. You read items or engraved 1 time, starting on turn 1850. You never genocided any monsters. You never polymorphed an object. You never changed form. You used no wishes. You never split a pudding. You wrote Elbereth's name 1 time, starting on turn 1850. You never violated your personal moral code. Dungeon overview: The Dungeons of Doom: levels 1 to 5 Level 1 a long staircase Level 2 Level 3 a long staircase Level 4 a general store, an altar to Thoth Level 5 <- You were here many fountains History has recorded: On T:1 you entered the Dungeons of Doom to retrieve the Amulet of Yendor! On T:322 you reached level 2 of The Dungeons of Doom. On T:947 you reached level 3 of The Dungeons of Doom. On T:1231 you reached level 4 of The Dungeons of Doom. On T:1262 you advanced to experience level 2. On T:1362 you advanced to experience level 3. On T:1577 you advanced to experience level 4. On T:1733 you reached level 5 of The Dungeons of Doom. Score breakdown: Gold: 2022 (11245 points) Experience: 4 levels ( 9649 points) Exploration: 5 levels ( 10.20%) ( 8660 points) Discoveries: 3 items ( 1.05%) ( 3067 points) Valuables value: (no points given unless you survive) Artifact value: 0 ( 0 points) Variety of kills: 18 monsters ( 4.72%) ( 6520 points) Turncount: 1891 turns ( 0 points) Survival: died (score multiplied by 80%) Total score: 31312 Latest messages: The orc zombie misses Armand. Armand misses Zazza's ghost. You see here a statue of a plains centaur. Armand misses Zazza's ghost. (4x) The orc zombie hits! Armand misses Zazza's ghost. You don't have enough stamina to move. Armand misses Zazza's ghost. (2x) The orc zombie hits! Armand misses Zazza's ghost. You don't have enough stamina to move. Armand misses Zazza's ghost. The orc zombie hits! Armand misses Zazza's ghost. (2x) You begin praying to Thoth. You are surrounded by a shimmering light. Armand misses Zazza's ghost. The orc zombie starts to attack you, but pulls back. Armand misses Zazza's ghost. (2x) Armand bites the orc zombie. The orc zombie misses Armand. You feel that Thoth is well-pleased. The orc zombie hits! (2x) You die... Final status: Goodbye Zazza the Wizard, killed by an orc zombie... You died in The Dungeons of Doom on dungeon level 5 with 31312 points, and 2022 pieces of gold, after 1891 moves. You were level 4 with a maximum of 29 hit points when you died.